 Dungeon Crawl Stone Soup version 0.17-a0-2171-ga91b4ec (webtiles) character file.

971 st0uf the Sneak (level 8, 0/75 HPs)
             Began as a Naga Monk on Oct 25, 2015.
             Was a Believer of Okawaru.
             Slain by a sky beast (5 damage)
             ... on level 5 of the Dungeon.
             The game lasted 00:35:20 (3840 turns).

st0uf the Sneak (Naga Monk)                         Turns: 3840, Time: 00:35:20

Health: 0/75       AC:  1    Str: 16    XL:     8   Next: 16%
Magic:  11/11      EV: 10    Int: 10    God:    Okawaru [**....]
Gold:   192        SH:  0    Dex: 14    Spells: 0 memorised, 9 levels left

rFire  . . .     SeeInvis +       - Unarmed
rCold  . . .     Clarity  .     u - -2 robe (curse)
rNeg   . . .     SustAt   .     (no shield)
rPois  +         Gourm    .     (no helmet)
rElec  .         Spirit   .     (no cloak)
rCorr  .         Warding  .     (no gloves)
rMut   .         Stasis   .     (no barding)
MR     ++...                    (no amulet)
Stlth  ++++......               v - ring of protection from magic
                                m - ring of invisibility

@: short of breath, very slow, very resistant to hostile enchantments, stealthy
A: see invisible, deformed body, poison resistance, slowness 2, slow metabolism
1, spit poison 2, AC +2
a: Spit Poison, Heroism, Renounce Religion, Evoke Invisibility


You were on level 5 of the Dungeon.
You worshipped Okawaru.
Okawaru was pleased with you.
You were not hungry.

You visited 1 branch of the dungeon, and saw 5 of its levels.

You collected 192 gold pieces.

Inventory:

Missiles
 d - 35 arrows
Armour
 p - a +0 chain mail of positive energy
 t - a +0 cloak
 u - a cursed -2 robe (worn)
Jewellery
 m - a ring of invisibility (left hand)
 v - a ring of protection from magic (right hand)
Wands
 s - a wand of teleportation (3)
Scrolls
 e - a scroll of magic mapping
 g - 3 scrolls of amnesia
 k - 2 scrolls of teleportation
 y - a scroll of recharging
Potions
 a - a potion of berserk rage {unknown}
 c - 2 potions of brilliance {unknown}
 h - 2 potions of agility {unknown}
 i - a potion of cure mutation {unknown}
 l - a potion of degeneration {unknown}
 n - a potion of heal wounds {unknown}
 o - a potion of resistance {unknown}
 q - a potion of lignification {unknown}
 r - a potion of curing {unknown}
 z - a potion of haste {unknown}
Comestibles
 b - 3 bread rations
 f - a royal jelly
 j - 4 meat rations
 w - a beef jerky
 x - a slice of pizza
 A - 2 chunks of flesh


   Skills:
 + Level 5.5 Fighting
 - Level 2.4 Dodging
 + Level 7.4 Stealth
 + Level 6.1 Unarmed Combat
 - Level 1.3 Spellcasting
 + Level 4.0 Evocations


You had 9 spell levels left.
You didn't know any spells.

Dungeon Overview and Level Annotations

Branches:
Dungeon (5/15)
 Temple: D:4-7

Altars:
Cheibriados
Gozag
Okawaru
Xom
Zin
The Shining One


Innate Abilities, Weirdness & Mutations

You cannot wear boots.
Your serpentine skin is tough (AC +2).
You have supernaturally acute eyesight.
Armour fits poorly on your strangely shaped body.
Your system is resistant to poisons.
You cover ground very slowly.
You have a slow metabolism.
You can spit poison.


Message History

The sky beast hits you. The sky beast shocks you.
* * * LOW HITPOINT WARNING * * *
You miss the sky beast.
The sky beast is almost dead.
The sky beast hits you.
* * * LOW HITPOINT WARNING * * *
The sky beast shocks you.
* * * LOW HITPOINT WARNING * * *
You closely miss the sky beast.
The sky beast is almost dead.
The sky beast hits you.
* * * LOW HITPOINT WARNING * * *
The sky beast shocks you.
* * * LOW HITPOINT WARNING * * *
You closely miss the sky beast.
The sky beast is almost dead.
The sky beast hits you.
* * * LOW HITPOINT WARNING * * *
The sky beast shocks you.
You die...

#### . ... . ..##.
....# # # .). #.#.# .
....>.... #.#.# #
#.[.. ... #.#Y# #
#.#.# #.# #.#@# #
#.#.# #.# #...#
####...# #.# #.###
##....####.###.#
...............##
##....###..........<.
###....##............
..........####.#####.
..##...##.# #.#


You could see a sky beast.

Vanquished Creatures
  Eustachio (D:4)
  The ghost of nublet the Ruffian, an amateur DrTm of Kikubaaqudgha (D:4)
  A centaur (D:4)
  3 scorpions
  A hound (D:5)
  Crazy Yiuf (D:3)
  A jelly (D:3)
  Jessica (D:3)
  4 worker ants
  Natasha (twice) (D:3)
  2 orc wizards
  4 gnolls (D:3)
  5 adders
  An ooze (D:2)
  3 worms
  A giant gecko (D:4)
  10 orcs
  5 giant cockroaches
  7 goblins
  6 hobgoblins
  2 bats
  6 giant newts
  5 jackals (D:3)
  8 kobolds
  A quokka (D:3)
  A quokka zombie (D:5)
  5 rats
  A fungus (D:3)
89 creatures vanquished.

Notes
Turn   | Place    | Note
--------------------------------------------------------------
     0 | D:1      | st0uf the Naga Monk began the quest for the Orb.
     0 | D:1      | Reached XP level 1. HP: 21/21 MP: 1/1
   422 | D:1      | Reached XP level 2. HP: 28/28 MP: 2/2
   881 | D:2      | Reached skill level 1 in Spellcasting
   884 | D:2      | Reached XP level 3. HP: 34/34 MP: 4/4
   993 | D:2      | Found an opulent altar of Gozag.
   993 | D:2      | Found a shimmering altar of Xom.
  1107 | D:2      | Found a glowing silver altar of Zin.
  1381 | D:2      | Reached XP level 4. HP: 41/44 MP: 6/6
  1423 | D:3      | Noticed Jessica
  1428 | D:3      | Killed Jessica
  1489 | D:3      | Reached skill level 1 in Evocations
  1758 | D:3      | Reached XP level 5. HP: 23/50 MP: 7/7
  2089 | D:3      | Noticed Natasha
  2095 | D:3      | Killed Natasha
  2095 | D:3      | Reached skill level 5 in Stealth
  2095 | D:3      | Reached XP level 6. HP: 57/57 MP: 8/8
  2117 | D:3      | Found an iron altar of Okawaru.
  2127 | D:3      | Became a worshipper of Warmaster Okawaru
  2127 | D:3      | Reached * piety under Okawaru
  2127 | D:3      | Reached ** piety under Okawaru
  2151 | D:3      | Noticed Natasha
  2155 | D:3      | Killed Natasha
  2350 | D:3      | Reached skill level 5 in Unarmed Combat
  2403 | D:3      | Noticed Crazy Yiuf
  2414 | D:3      | Paralysed by Crazy Yiuf for 4 turns
  2423 | D:3      | Killed Crazy Yiuf
  2787 | D:4      | Found a snail-covered altar of Cheibriados.
  2787 | D:4      | Noticed Eustachio
  2803 | D:4      | Found a glowing golden altar of the Shining One.
  2811 | D:4      | Reached XP level 7. HP: 63/66 MP: 9/9
  2817 | D:4      | Reached skill level 6 in Stealth
  2886 | D:4      | Noticed nublet's ghost (amateur DrTm)
  3039 | D:4      | Killed nublet's ghost
  3039 | D:4      | Reached skill level 5 in Fighting
  3376 | D:4      | Killed Eustachio
  3407 | D:4      | Reached skill level 7 in Stealth
  3522 | D:4      | Reached XP level 8. HP: 66/74 MP: 10/10
  3745 | D:5      | Entered Level 5 of the Dungeon
  3840 | D:5      | Slain by a sky beast

Vault maps used:
D:1:      evilmike_arrival_plus
D:2:      lemuel_doored_altar, gammafunk_temple_overflow_wave
D:3:      overflow_temple_1_default, uniq_crazy_yiuf_cottage, uniq_natasha,
          uniq_jessica
D:4:      cheibriados_altar_1, nicolae_overflow_hidden_temple,
          kennysheep_generic_room_12, uniq_eustachio
D:5:      temple_fountains, first_bread, minmay_joined_circles

Action                   |  1- 3 |  4- 6 |  7- 9 || total
-------------------------+-------+-------+-------++-------
Melee: Unarmed           |    48 |   115 |    91 ||   254
Invok: Heroism           |       |     1 |     1 ||     2
 Abil: Spit Poison       |    24 |    38 |    22 ||    84
  Use: Scroll            |       |     6 |     1 ||     7
 Stab: Sleeping          |       |     3 |     4 ||     7
  Eat: Chunk             |     2 |     7 |     4 ||    13
